 Dungeon Crawl Stone Soup version 0.19-a0-1882-gbb73ea0 (webtiles) character file.

14639 graki42 the Spear-Bearer (level 11, -3/108 HPs)
             Began as a Minotaur Fighter on Oct 14, 2016.
             Was a Believer of the Shining One.
             Splashed by an oklob plant's acid (15 damage)
             ... on level 3 of the Lair of Beasts.
             The game lasted 00:30:25 (9312 turns).

graki42 the Spear-Bearer (Minotaur Fighter)         Turns: 9312, Time: 00:30:26

Health: -3/108     AC:  8    Str: 23    XL:     11   Next: 91%
Magic:  3/3        EV: 10    Int: 12    God:    the Shining One [**....]
Gold:   807        SH: 13    Dex: 10    Spells: 0 memorised, 10 levels left

rFire  + . .     SeeInvis .     L - +5 spear of Gluttony {antimagic, MR+ Int+4}
rCold  + . .     Gourm    .     y - +1 chain mail {rC+}
rNeg   + . .     Faith    .     c - +0 shield
rPois  .         Spirit   .     (helmet restricted)
rElec  .         Dismiss  .     (no cloak)
rCorr  .         Reflect  .     F - +0 pair of gloves
MR     +....     Harm     .     p - +0 pair of boots
Stlth  .......... Rnd*Rage +    o - amulet of regeneration
                                (no ring)
                                i - +4 ring of protection

@: corroded, glowing
A: retaliatory headbutt, beak, horns 2, berserk 1, fire resistance 1, robust 1,
strong 1
a: Divine Shield, Renounce Religion


You were on level 3 of the Lair of Beasts.
You worshipped the Shining One.
The Shining One was pleased with you.
You were hungry.

You visited 4 branches of the dungeon, and saw 13 of its levels.

You collected 807 gold pieces.

Inventory:

Hand Weapons
 a - a +1 trident
 L - the +5 spear of Gluttony (weapon) {antimagic, MR+ Int+4}
   (You found it on level 8 of the Dungeon)

   It reduces the magical energy of the wielder, and disrupts the spells and
   magical abilities of those hit.
   Natural abilities and divine invocations are not affected.
   It affects your intelligence (+4).
   It affects your resistance to hostile enchantments.
Armour
 c - a +0 shield (worn)
 p - a +0 pair of boots (worn)
 y - a +1 chain mail of cold resistance (worn)
 F - a +0 pair of gloves (worn)
Jewellery
 i - a +4 ring of protection (left hand)
 o - an amulet of regeneration (around neck)
 t - an uncursed amulet of the gourmand
 C - an uncursed ring of ice
 O - an uncursed ring of ice
 S - an uncursed ring of positive energy {unknown}
Wands
 s - a wand of digging (18/24)
 v - a wand of lightning (6/15)
 w - a wand of lightning (5/15)
 E - a wand of polymorph (9/24)
 R - a wand of iceblast (4/15)
 V - a wand of paralysis (11/24)
Scrolls
 b - a scroll of magic mapping
 d - 3 scrolls of enchant weapon
 j - a scroll of fog {unknown}
 l - a scroll of blinking
 r - 2 scrolls of recharging {unknown}
 u - 4 scrolls of teleportation
 z - a scroll of amnesia {unknown}
 P - 2 scrolls of remove curse
 Q - a scroll of enchant armour
Potions
 e - 2 potions of resistance
 g - 5 potions of curing {unknown}
 m - 5 potions of haste {unknown}
 n - 2 potions of lignification {unknown}
 q - 2 potions of magic {unknown}
 B - a potion of might
 D - 5 potions of degeneration {unknown}
 G - a potion of flight
 H - 2 potions of heal wounds {unknown}
 I - a potion of brilliance
 J - a potion of beneficial mutation {unknown}
 K - a potion of invisibility {unknown}
 T - a potion of berserk rage {unknown}
Books
 A - a book of Cantrips

   Spells                             Type                      Level
   a - Confusing Touch                Hexes                        1
   b - Animate Skeleton               Necromancy                   1
   c - Summon Small Mammal            Summoning                    1
   d - Apportation                    Translocation                1
 N - a book of Debilitation

   Spells                             Type                      Level
   a - Corona                         Hexes                        1
   b - Slow                           Hexes                        2
   c - Gell's Gravitas                Hexes/Translocation          3
   d - Inner Flame                    Hexes/Fire                   3
   e - Cause Fear                     Hexes                        4
   f - Leda's Liquefaction            Hexes/Earth                  4
Miscellaneous
 M - a sack of spiders
Comestibles
 f - 10 bread rations
 h - 3 beef jerkies
 k - 5 meat rations
 x - 3 slices of pizza
 U - 8 fruits


   Skills:
 + Level 9.9 Fighting
 + Level 13.1 Polearms
 + Level 11.0 Armour
 + Level 5.0 Dodging
 + Level 0.3 Stealth
 + Level 12.1 Shields
 + Level 0.4 Invocations


You had 10 spell levels left.
You didn't know any spells.

Dungeon Overview and Level Annotations

Branches:
Dungeon (8/15)             Temple (1/1) D:6            Lair (3/6) D:8
 Shoals (1/4) Lair:2
  Snake: Lair:2-4    Spider: Lair:2-4

Altars:
Cheibriados
Dithmenos
Elyvilon
Kikubaaqudgha
Nemelex Xobeh
Okawaru
Qazlal
Ru
Sif Muna
Trog
Vehumet
Yredelemnul
The Shining One

Annotations:
Lair:2 Urug
Lair:3 exclusion: oklob plant


Innate Abilities, Weirdness & Mutations

You reflexively headbutt those who attack you in melee.
You have a pair of horns on your head.
You have a beak for a mouth.
You tend to lose your temper in combat.
Your flesh is heat resistant. (rF+)
You are robust. (+10% HP)
Your muscles are strong. (Str +2)


Message History

Aim: an oklob plant (heavily damaged, haloed)
The plant is in the way.
You hit the plant but do no damage. You peck the plant, but do no damage.
The plant is almost destroyed.
Attack whom?
Press: ? - help, Dir - move target cursor, f/p - oklob plant
Aim: an oklob plant (heavily damaged, haloed)
The plant is in the way.
You puncture the plant!
You destroy the plant!
Attack whom?
Press: ? - help, Dir - move target cursor, f/p - oklob plant
Aim: an oklob plant (heavily damaged, haloed)
You reach to attack!
You hit the oklob plant but do no damage.
The oklob plant is heavily damaged.
The oklob plant spits acid at you. The splash of acid hits you!
* * * LOW HITPOINT WARNING * * *
You are splashed with acid!
The acid burns!
You die...

....###P...(.........######.#
...........###..#..P.# ###
.##..#.#..## #..#.#..#
.#####...P# #รท<.....# ..#
#.#.## #..#>#.## .P#########
######### ........PP###..#
#### .........##...####PPP#
.##..PP...P.P...@.P.###
..##.PP....P.P.....PPP#
P####.#..PP..P....PPP(..P ##
#####.....###.P...PP.
#P.P##### ....P[... #####
P###PP.## ## .### #


You could see an oklob plant.

Vanquished Creatures
  Fannar (Lair:2)
  Erica (Lair:1)
  Nergalle (Lair:2)
  2 oklob plants (Lair:3)
  3 spiny frogs
  3 sirens (Lair:2)
  A black mamba (Lair:3)
  2 komodo dragons
  A merfolk (Lair:2)
  Grinder (D:4)
  Prince Ribbit (D:7)
  3 hippogriffs
  A snapping turtle (Shoals:1)
  9 yaks
  2 basilisks
  Edmund (D:4)
  5 water moccasins
  Duvessa (D:7)
  6 porcupines
  An ice beast (D:6)
  2 black bears
  4 ogres
  A sky beast (D:8)
  2 orc warriors (D:7)
  A hornet zombie (D:8)
  A phantom (D:6)
  5 wolves
  3 centaurs
  4 crocodiles
  14 bullfrogs
  A big kobold (D:7)
  Dowan (D:7)
  A scorpion (D:7)
  6 killer bees (D:7)
  4 howler monkeys
  5 wights (D:6)
  3 electric eels
  2 crimson imps
  A bullfrog zombie (D:8)
  6 hounds
  A gnoll shaman (D:7)
  4 orc priests (D:7)
  8 orc wizards
  A bullfrog skeleton (D:7)
  Jessica (D:3)
  Terence (D:3)
  Natasha (thrice) (D:2)
  3 worker ants
  A killer bee zombie (D:7)
  A hound skeleton (D:4)
  A worker ant zombie (D:8)
  12 adders
  11 gnolls
  3 shadow imps
  An ooze (D:4)
  An adder zombie (D:5)
  An adder skeleton (D:4)
  4 worms
  2 dart slugs
  4 leopard geckos
  21 orcs
  4 giant cockroaches
  7 goblins
  19 hobgoblins
  6 jackals
  11 kobolds
  4 quokkas
  A ball python (D:1)
  A ball python skeleton (D:4)
  4 bats
  5 frilled lizards
  A leopard gecko skeleton (D:6)
  A leopard gecko zombie (D:6)
  5 rats
  4 plants (Lair:3)
271 creatures vanquished.

Vanquished Creatures (others)
  A plant (Lair:2)
1 creature vanquished.

Grand Total: 272 creatures vanquished

Notes
Turn   | Place    | Note
-------+----------+-------------------------------------------
     0 | D:1      | graki42 the Minotaur Fighter began the quest for the Orb.
     0 | D:1      | Reached XP level 1. HP: 19/19 MP: 0/0
    68 | D:1      | Reached XP level 2. HP: 26/27 MP: 1/1
   639 | D:2      | Reached XP level 3. HP: 33/33 MP: 2/2
   671 | D:2      | Noticed Natasha
   677 | D:2      | Killed Natasha
   879 | D:2      | Noticed Natasha
   885 | D:2      | Killed Natasha
   885 | D:2      | Reached skill level 3 in Polearms
   885 | D:2      | Reached XP level 4. HP: 41/41 MP: 3/3
   886 | D:2      | Found an iron altar of Okawaru.
   899 | D:2      | Noticed Natasha
   910 | D:2      | Killed Natasha
  1111 | D:2      | Reached XP level 5. HP: 43/47 MP: 4/4
  1458 | D:3      | Noticed Jessica
  1467 | D:3      | Killed Jessica
  1467 | D:3      | Reached skill level 4 in Polearms
  1467 | D:3      | Reached skill level 1 in Dodging
  1467 | D:3      | Reached skill level 5 in Shields
  1695 | D:3      | Reached XP level 6. HP: 43/53 MP: 5/5
  1893 | D:3      | Noticed Terence
  1907 | D:3      | Killed Terence
  2079 | D:4      | Noticed Edmund
  2090 | D:4      | Killed Edmund
  2090 | D:4      | Reached skill level 5 in Fighting
  2090 | D:4      | Reached skill level 5 in Polearms
  2118 | D:4      | Found a stormy altar of Qazlal.
  2153 | D:4      | Reached XP level 7. HP: 61/61 MP: 6/6
  2166 | D:4      | Reached skill level 5 in Armour
  2387 | D:4      | Found a deep blue altar of Sif Muna.
  2591 | D:4      | Noticed Grinder
  2600 | D:4      | Killed Grinder
  2600 | D:4      | Reached skill level 6 in Polearms
  2824 | D:5      | Entered Level 5 of the Dungeon
  2915 | D:5      | Reached skill level 7 in Polearms
  2915 | D:5      | Reached XP level 8. HP: 69/69 MP: 7/7
  2940 | D:5      | Got a twisted scale mail
  2951 | D:5      | Identified the +2 scale mail of the Forgotten Mice {rN+ Stlth+} (You found it on level 5 of the Dungeon)
  3094 | D:5      | Found a radiant altar of Vehumet.
  3541 | D:5      | Found a shadowy altar of Dithmenos.
  3683 | D:6      | Reached skill level 8 in Polearms
  4030 | D:6      | Found a staircase to the Ecumenical Temple.
  4056 | Temple   | Entered the Ecumenical Temple
  4092 | Temple   | Became a worshipper of the Shining One
  4512 | D:6      | Reached XP level 9. HP: 76/78 MP: 8/8
  4712 | D:7      | Noticed Prince Ribbit
  4736 | D:7      | Killed Prince Ribbit
  4736 | D:7      | Reached skill level 9 in Polearms
  5286 | D:7      | Reached * piety under the Shining One
  5312 | D:7      | Reached skill level 10 in Polearms
  5565 | D:7      | Noticed Duvessa
  5566 | D:7      | Noticed Dowan
  5582 | D:7      | Killed Duvessa
  5588 | D:7      | Killed Dowan
  5986 | D:8      | Reached XP level 10. HP: 86/88 MP: 9/9
  5994 | D:8      | Found a sparkling altar of Nemelex Xobeh.
  6232 | D:8      | Gained mutation: Your muscles are strong. (Str +2) [mutagenic meat]
  6235 | D:8      | Gained mutation: You are robust. (+10% HP) [mutagenic meat]
  6238 | D:8      | Gained mutation: You tend to lose your temper in combat. [mutagenic meat]
  6241 | D:8      | Gained mutation: Your flesh is heat resistant. (rF+) [mutagenic meat]
  6244 | D:8      | Gained mutation: You have a beak for a mouth. [mutagenic meat]
  6266 | D:8      | Found a staircase to the Lair.
  6507 | D:8      | Got an ancient spear
  6508 | D:8      | Identified the +5 spear of Gluttony {antimagic, MR+ Int+4} (You found it on level 8 of the Dungeon)
  6562 | Lair:1   | Entered Level 1 of the Lair of Beasts
  6562 | Lair:1   | Noticed Erica
  6562 | Lair:1   | Noticed a spiny frog
  6580 | D:8      | Killed a spiny frog
  6715 | Lair:1   | Killed Erica
  6715 | Lair:1   | Reached skill level 11 in Polearms
  6947 | Lair:1   | Reached skill level 10 in Shields
  7524 | Lair:2   | Noticed Urug
  7567 | Lair:2   | Noticed Nergalle
  7585 | Lair:2   | Killed Nergalle
  7585 | Lair:2   | Reached ** piety under the Shining One
  7585 | Lair:2   | Reached skill level 12 in Polearms
  7672 | Lair:2   | Reached XP level 11. HP: 106/106 MP: 3/10
  7737 | Lair:2   | Noticed Fannar
  7781 | Lair:2   | Killed Fannar
  8028 | Lair:2   | Found a staircase to the Shoals.
  8034 | Lair:2   | Reached skill level 10 in Armour
  8047 | Shoals:1 | Entered Level 1 of the Shoals
  8473 | Lair:3   | Reached skill level 13 in Polearms
  9192 | Lair:3   | Noticed an oklob plant
  9193 | Lair:3   | Noticed an oklob plant
  9207 | Lair:3   | Noticed an oklob plant
  9234 | Lair:3   | Killed an oklob plant
  9234 | Lair:3   | Reached skill level 5 in Dodging
  9272 | Lair:3   | Killed an oklob plant
  9312 | Lair:3   | Splashed by an oklob plant's acid

Vault maps used:
D:1:      co_arrival_square_in_a_square_in_a_square, minmay_hedge_maze,
          hangedman_decor_riveting
D:2:      grunt_ministairs_7, okawaru_trees_1, uniq_natasha
D:3:      first_bread, kennysheep_generic_room_5, uniq_terence, uniq_jessica
D:4:      minmay_opposing_rooms, lemuel_doored_altar,
          nicolae_qazlal_general_emergency, uniq_edmund, uniq_grinder
D:5:      overflow_temple_1_default, corexii_checkpoint_a,
          minmay_misc_feat_more_columns, grunt_dithmenos_shadows
D:6:      grunt_decor_cap
D:7:      kennysheep_housing_project, minivault_25, uniq_prince_ribbit1,
          uniq_duvessa
D:8:      nemelex_xobeh_ov_fountains_minmay
Temple:   minmay_crystal_spiral_temple
Lair:1:   st_stairs_5, serial_bayou_shore_a, uniq_erica
Lair:2:   elwin_shoals_entry_stream, uniq_urug, uniq_fannar, uniq_nergalle
Lair:3:   minmay_lair_oklob_tunnel, serial_bayou_lagoon_b

Skill      XL: |  1  2  3  4  5  6  7  8  9 10 11 |
---------------+----------------------------------+-----
Fighting       | 4 5 6 7 9 |  9.9
Shields        | 4 5 6 7 9 10 12 | 12.1
Armour         | 4 5 6 7 9 11 | 11.0
Polearms       | 3 4 5 7 8 10 12 13 | 13.1
Dodging        | 1 2 3 4 5 |  5.0
Stealth        | |  0.3
Invocations    | |  0.4

Action                   |  1- 3 |  4- 6 |  7- 9 | 10-12 || total
-------------------------+-------+-------+-------+-------++-------
Melee: Trident           |    93 |   238 |   476 |    45 ||   852
       Headbutt          |     6 |    23 |    91 |   100 ||   220
       Spear             |       |       |       |   455 ||   455
       Peck              |       |       |       |    95 ||    95
Invok: Divine Shield     |       |       |       |     1 ||     1
  Use: Potion            |       |     1 |     1 |     1 ||     3
       Scroll            |       |       |    15 |     2 ||    17
  Eat: Chunk             |       |     5 |    16 |    11 ||    32
       Fruit             |       |       |       |     1 ||     1
Armor: Scale mail        |    22 |    15 |       |       ||    37
       Chain mail        |       |    88 |   239 |   141 ||   468
       Skin              |       |       |     1 |       ||     1
Dodge: Dodged            |    22 |    43 |   130 |    81 ||   276
Block: Shield            |    33 |   107 |   274 |   181 ||   595
